 Dungeon Crawl Stone Soup version 0.32-a0-131-g9dbbe29261 (webtiles) character file.

Game seed: 1556850736585916961

4 Esekla the Sneak (level 1, 0/16 HPs)
             Began as an Octopode Delver on Feb 8, 2024.
             Slain by a hound (4 damage)
             ... on level 5 of the Dungeon.
             The game lasted 00:00:59 (85 turns).

Esekla the Sneak (Octopode Delver)                    Turns: 85, Time: 00:01:00

Health: 0/16       AC:  1    Str: 11    XL:     1   Next: 60%
Magic:  1/1        EV: 13    Int: 12    God:
Gold:   4          SH:  0    Dex: 13    Spells: 0/0 levels left

rFire   . . .        a - +0 falchion
rCold   . . .        (no shield)
rNeg    . . .        (helmet restricted)
rPois   .            (no amulet)
rElec   .            (no ring)
rCorr   .            (no ring)
SInv    .            (no ring)
Will    .....        (no ring)
Stlth   ++++         (no ring)
HPRegen 0.22/turn    (no ring)
MPRegen 0.07/turn    (no ring)
                     (no ring)

%: no passive effects
@: no status effects
A: almost no armour, amphibious, 8 rings, camouflage 1, gelatinous body 1,
(nimble swimmer 1), tentacles
a: no special abilities


You were on level 5 of the Dungeon.
You visited 1 branch of the dungeon, and saw 1 of its levels.

You collected 4 gold pieces.

Inventory:

Hand Weapons
 a - a +0 falchion (weapon)
Wands
 f - a wand of digging (3)
Scrolls
 b - a scroll of fog
 d - a scroll of fear
Potions
 e - a potion of haste
 g - a potion of brilliance {unknown}


   Skills:
 * Level 3.0 Fighting
 + Level 2.0 Long Blades
 * Level 2.0 Dodging
 + Level 6.8 Stealth
 * Level 0.1 Spellcasting


You couldn't memorise any spells.
You didn't know any spells.
Your spell library contained the following spells:

 Spells                   Type           Power      Damage    Failure   Level
 Blink                    Tloc           0%         N/A       45%         2
 Lesser Beckoning         Tloc           0%         N/A       45%         2
 Momentum Strike          Conj/Tloc      0%         3d8       45%         2


Dungeon Overview and Level Annotations

Branches:
Dungeon (5/15)
 Temple: D:4-7

Altars:


Innate Abilities, Weirdness & Mutations

You cannot wear most types of armour.
You are amphibious.
You can wear up to eight rings at the same time.
Your skin changes colour to match your surroundings (Stealth+).
Your rubbery body absorbs attacks. (AC +1, EV +1)
((You are camouflaged when in or above water. (Stealth+)))
You have tentacles for arms and can constrict up to eight enemies at once.


Message History

The jackal escapes!
The jackal closely misses you.
You hit the jackal but do no damage. You grab the jackal.
You constrict the jackal. The jackal bites you. x2
You hit the jackal. Your grab misses the jackal.
The jackal is severely wounded.
You constrict the jackal, but do no damage.
The jackal bites you. x2
The jackal bites you but does no damage.
The jackal barely misses you.
You closely miss the jackal. Your grab misses the jackal.
Your squeeze misses the jackal.
The jackal is severely wounded.
You constrict the jackal. The jackal closely misses you.
The jackal bites you. x2
The jackal barely misses you.
You closely miss the jackal. Your grab misses the jackal.
The jackal is severely wounded.
You constrict the jackal. The jackal closely misses you.
The jackal misses you. x3
You hit the jackal.
You kill the jackal!
You constrict the jackal.
You kill the jackal!
You start resting.
HP restored.
A hound and an iguana come into view.
An orc priest and an orc come into view.
The orc shouts!
The orc priest shouts!
You hear a shout!
A hound comes into view.
The jackal barks!
The hound barks!
Something shouts, "Return whence thou came, thou plume-plucked toad-spotted canker-blossom!"
You hear a shout!
The hound bites you.
You slash the hound! You grab the hound. You squeeze the hound.
The hound is severely wounded.
You constrict the hound. The hound bites you. x2
* * * LOW HITPOINT WARNING * * *
You hit the hound.
The hound is almost dead.
You constrict the hound. The hound bites you.
You die...

*,,,,,,,,,*,*,,,,,
******,,,,,******, *####..,*
****, #########.#....,##*,*,,
#...##........,..#,,,,,
#...#....#...,....,,,,,
#..........#,.....,,,,,
#.....###..#......,,,,,
#.....@#...l....h.,,,,,
#####......h..##......,,,,,
##.....#.#######*......,,,,,
##....###.#..#####...ho.,,,,,
#......#................,,,,*
#....†####...#.......,o.,,,,*
##....####...#........,.,,,,,
###...###...<....##.#*****,,
###...............# **,


You could see a hound.

Vanquished Creatures
  3 jackals (D:5)
3 creatures vanquished.

Notes
Turn   | Place    | Note
-------+----------+-------------------------------------------
     0 | D:5      | Esekla the Octopode Delver began the quest for the Orb.
     0 | D:5      | Reached XP level 1. HP: 16/16 MP: 1/1
    14 | D:5      | Noticed a hound
    75 | D:5      | Noticed a hound
    75 | D:5      | Noticed an iguana
    78 | D:5      | Noticed an orc priest
    78 | D:5      | Noticed a hound
    85 | D:5      | Slain by a hound

Illustrated notes

Levels and vault maps discovered:
D:5:      layout_cave_pools, zin_treasury

Action                     || total
---------------------------++-------
  Melee: Falchion          ||    10
         Constrict         ||     4
         Tentacles         ||     2
    Use: Scroll            ||     1
 Armour: Skin              ||    11
  Dodge: Dodged            ||    10

Table legend: (Time is in decaauts)
 A = Elapsed time spent in this place.
 B = Non-inter-level travel time spent in this place.
 C = Inter-level travel time spent in this place.
 D = Time resting spent in this place.
 E = Time spent auto-exploring this place.
 F = Levels seen in this place.
 G = Mean time per level.
                   A        B        C        D        E       F      G
               +--------+--------+--------+--------+--------+-----+--------+
         Total |     86 |     86 |      0 |     30 |      0 |   1 |   86.0 |
       Dungeon |     86 |     86 |      0 |     30 |      0 |   1 |   86.0 |
               +--------+--------+--------+--------+--------+-----+--------+

Top non-repeatable levels by time:
     D:5: 86 daAuts
